 Dungeon Crawl Stone Soup version 0.29-a0-819-g94b489e0ae (webtiles) character file.

Game seed: 2240116220403816405

144 wilfster70 the Chopper (level 5, -1/48 HPs)
             Began as a Hill Orc Fighter on July 6, 2022.
             Slain by Grinder (3 damage)
             ... on level 3 of the Dungeon.
             The game lasted 00:04:34 (2025 turns).

wilfster70 the Chopper (Hill Orc Fighter)           Turns: 2025, Time: 00:04:34

Health: -1/48      AC:  6    Str: 21    XL:     5   Next: 26%
Magic:  5/5        EV:  9    Int:  8    God:
Gold:   93         SH:  5    Dex: 10    Spells: 4/4 levels left

rFire   . . .      SeeInvis .   a - +1 war axe
rCold   . . .      Faith    .   c - +1 buckler
rNeg    . . .      Spirit   .   b - +0 scale mail
rPois   .          Reflect  .   (no helmet)
rElec   .          Harm     .   (no cloak)
rCorr   .          Rampage  .   (no gloves)
Will    .....                   (no boots)
Stlth   ..........              (no amulet)
HPRegen 0.16/turn               (no ring)
MPRegen 0.09/turn               (no ring)

@: mighty
A: no striking features
a: no special abilities


You were on level 3 of the Dungeon.
You visited 1 branch of the dungeon, and saw 3 of its levels.

You collected 93 gold pieces.

Inventory:

Hand Weapons
 a - a +1 war axe (weapon)
Armour
 b - a +0 scale mail (worn)
 c - a +1 buckler (worn)
Scrolls
 f - a scroll of poison
 i - a scroll of enchant weapon
 l - a scroll of fear
Potions
 e - a potion of flight {unknown}
 g - 2 potions of degeneration {unknown}
 h - a potion of haste {unknown}
 j - a potion of lignification {unknown}
 k - a potion of heal wounds {unknown}


   Skills:
 + Level 5.0 Fighting
 * Level 5.9 Axes
 - Level 3.2 Armour
 - Level 3.2 Shields


You had 4 spell levels left.
You didn't know any spells.
Your spell library contained the following spells:

 Spells                   Type           Power      Damage    Failure   Level
 Foxfire                  Conj/Fire      0%         2x1d4     83%         1
 Ozocubu's Armour         Ice            0%         N/A       99%         3
 Ice Form                 Ice/Tmut       0%         N/A       100%        4
 Fire Storm               Conj/Fire      0%         5d1       100%        9


Dungeon Overview and Level Annotations

Branches:
Dungeon (3/15)

Altars:

Shops:
D:2 :

Annotations:
D:3 Grinder


Message History

Grinder gestures at you.
You suddenly lose the ability to move!
Grinder zaps a wand.
The puff of flame hits you. Grinder hits you. Grinder hits you!
You writhe in agony.
You can move again.
You completely miss Grinder.
Grinder is heavily wounded.
Grinder zaps a wand.
The puff of flame misses you.
You slash Grinder!
Grinder is severely wounded.
Grinder gestures at you. Pain shoots through your body!
* * * LOW HITPOINT WARNING * * *
You hit Grinder but do no damage.
Grinder is severely wounded.
Grinder zaps a wand.
The puff of flame misses you.
The now-empty wand crumbles to dust.
You closely miss Grinder.
Grinder is severely wounded.
Grinder barely misses you.
Grinder blinks!
You barely miss Grinder.
Grinder is severely wounded.
Grinder gestures at you.
You suddenly lose the ability to move!
Grinder gestures at you.
You shrug off the repeated paralysis!
You can move again.
Unknown command.
You barely miss Grinder.
Grinder is severely wounded.
Grinder hits you.
* * * LOW HITPOINT WARNING * * *
You writhe in agony.
* * * LOW HITPOINT WARNING * * *
You feel very mighty all of a sudden. Grinder hits you.
* * * LOW HITPOINT WARNING * * *
You writhe in agony.
You die...

######
#....#
#.##.#
#.##.#
#.##.#
#.##.#
#.##@#
#.##5#
#.##.##.#
#.##....#
#...#####
###.# #.#
#.# #.
#.#


You could see Grinder.

Vanquished Creatures
  Jessica (D:2)
  An orc wizard (D:3)
  2 adders (D:2)
  A worm (D:2)
  3 orcs (D:3)
  3 ball pythons (D:1)
  10 endoplasms
  6 giant cockroaches
  6 goblins
  4 hobgoblins
  A jackal (D:1)
  4 quokkas (D:2)
  5 bats
  9 frilled lizards
  4 kobolds
  4 rats
64 creatures vanquished.

Notes
Turn   | Place    | Note
-------+----------+-------------------------------------------
     0 | D:1      | wilfster70 the Hill Orc Fighter began the quest for the
                  | Orb.
     0 | D:1      | Reached XP level 1. HP: 19/19 MP: 1/1
   117 | D:1      | Reached XP level 2. HP: 15/27 MP: 2/2
   410 | D:1      | Found a faded altar of an unknown god.
   500 | D:1      | Reached XP level 3. HP: 32/33 MP: 3/3
   879 | D:2      | Noticed a scorpion
  1038 | D:2      | Reached XP level 4. HP: 39/41 MP: 4/4
  1207 | D:2      | Found Ewegu Kuaps's Book Shop.
  1236 | D:2      | Reached skill level 5 in Axes
  1494 | D:2      | Noticed Jessica
  1496 | D:2      | Killed Jessica
  1778 | D:3      | Got the Dissertation on Fire and Hypothermia
  1800 | D:3      | Reached XP level 5. HP: 45/47 MP: 5/5
  1830 | D:3      | Reached skill level 5 in Fighting
  1999 | D:3      | Noticed Grinder
  2012 | D:3      | Paralysed by Grinder for 4 turns
  2022 | D:3      | Paralysed by Grinder for 2 turns
  2025 | D:3      | HP: 2/48 [Grinder (5)]
  2025 | D:3      | Slain by Grinder

Illustrated notes

Levels and vault maps discovered:
D:1:      shiori_arrival_maze, layout_rooms, basic_ecumenical_altar,
          minmay_misc_feat_x
D:2:      layout_loops_ring, serial_shops, nicolae_shop_hallway_plus,
          lightli_corner_chamber, uniq_jessica
D:3:      layout_basic, uniq_grinder, uniq_ijyb

Skill      XL: |  1  2  3  4  5 |
---------------+----------------+-----
Axes           | 3 4 5 |  5.9
Fighting       | 4 5 |  5.0
Armour         | |  3.2
Shields        | |  3.2

Action                   |  1- 3 |  4- 6 || total
-------------------------+-------+-------++-------
Melee: War axe           |   102 |    66 ||   168
  Use: Scroll            |     6 |     1 ||     7
       Potion            |       |     1 ||     1
Armor: Scale mail        |    42 |    26 ||    68
Dodge: Dodged            |    42 |    28 ||    70
Block: Buckler           |    28 |    14 ||    42

Table legend: (Time is in decaauts)
 A = Elapsed time spent in this place.
 B = Non-inter-level travel time spent in this place.
 C = Inter-level travel time spent in this place.
 D = Time resting spent in this place.
 E = Time spent auto-exploring this place.
 F = Levels seen in this place.
 G = Mean time per level.
                   A        B        C        D        E       F      G
               +--------+--------+--------+--------+--------+-----+--------+
         Total |   2080 |   2026 |     54 |    351 |    899 |   3 |  693.3 |
       Dungeon |   2080 |   2026 |     54 |    351 |    899 |   3 |  693.3 |
               +--------+--------+--------+--------+--------+-----+--------+

Top non-repeatable levels by time:
     D:2: 963 daAuts
     D:1: 862 daAuts
     D:3: 254 daAuts
